Map: Rifts to Korhal

Players

wasp

  • Race: Protoss Protoss
  • Spawn Location: 7:00

NamroodTuo

  • Race: Zerg Zerg

VOD

Have the link to the VOD?

Description

Time

  • Played on: April 18, 2023, 9:25 a.m.
  • Length: 12:00
Show
View Real Time Build Order
Export as new Build Order

wasp Protoss 

Build Orders:  

Get SALT Encoding   

  12  0:06  Probe (Chrono Boost)  
  13  0:31  Gateway  
  13  0:33  Probe (Chrono Boost)  
  14  0:45  Assimilator  
  14  0:47  Probe (Chrono Boost)  
  15  1:01  Probe (Chrono Boost)  
  16  1:16  Gateway  
  16  1:20  Probe (Chrono Boost)  
  17  1:34  Probe (Chrono Boost)  
  17  1:39  Zealot  
  20  1:56  Probe (Chrono Boost)  
  21  2:09  Probe (Chrono Boost)  
  21  2:14  Zealot  
  24  2:23  Probe (Chrono Boost), Zealot  
  27  2:36  Probe (Chrono Boost)  
  27  2:38  Zealot  
  30  2:50  Probe (Chrono Boost)  
  31  3:09  Zealot x2  
  27  3:29  Zealot  
  25  3:50  Zealot x2  
  27  4:23  Zealot x2  
  31  4:51  Gateway  
  31  4:56  Gateway  
  31  5:17  Pylon  
  31  5:21  Zealot  
  31  5:23  Zealot x2  
  31  5:24  Zealot x2  
  41  5:57  Forge  
  41  6:01  Cybernetics Core  
  41  6:06  Zealot x3  
  41  6:07  Zealot  
  31  6:51  Zealot  
  31  6:52  Zealot x3  
  31  6:53  Zealot x2  
  35  7:21  Pylon  
  35  7:22  Pylon  
  35  7:47  Nexus  
  35  8:31  Photon Cannon  
  35  8:34  Photon Cannon  
  35  8:37  Photon Cannon  
  35  8:39  Photon Cannon  
  35  8:41  Photon Cannon  
  35  8:44  Zealot x2  
  35  8:46  Zealot  
  35  9:16  Photon Cannon  
  35  9:17  Photon Cannon  
  25  9:41  Zealot x3  
  23  10:20  Zealot x3  
  23  10:21  Zealot x2  
  22  10:48  Zealot  
  22  10:49  Zealot x2  
  28  10:51  Zealot  
  14  11:11  Zealot  
Show
View Real Time Build Order
Export as new Build Order

NamroodTuo Zerg 

Build Orders:  

Get SALT Encoding   

  12  0:20  Infested Barracks  
  12  0:26  Infested SCV  
  13  0:32  Infested SCV  
  13  0:39  Infested SCV  
  15  0:51  Overlord  
  15  1:06  Overlord  
  15  1:21  Infested SCV  
  16  1:31  Infestation Level 1  
  16  1:37  Infested SCV  
  17  1:50  Infested Refinery  
  17  1:51  Infested SCV  
  17  1:54  Infested SCV  
  19  2:11  Infested SCV  
  19  2:12  Infested SCV  
  21  2:29  Infested SCV  
  22  2:41  Infested Refinery  
  22  2:42  Infested SCV  
  23  2:51  Infested Marine  
  23  2:52  Infested Marine x7  
  23  2:59  Overlord  
  23  3:31  Anaerobic Enhancement  
  23  3:37  Infested SCV x2  
  25  3:55  Infested Marine  
  25  3:56  Infested Marine x4  
  25  3:57  Infested Marine x4  
  25  3:58  Infested Marine x4  
  36  4:13  Overlord x2  
  33  4:25  Infested Marine x5  
  38  4:30  Infested SCV  
  39  4:45  Infested Bunker  
  39  4:48  Infested SCV  
  39  4:49  Infested SCV  
  45  5:12  Infested SCV  
  50  5:23  Infested Bunker  
  50  5:28  Infested SCV  
  51  5:40  Infested Barracks, Infested Barracks Tech Lab  
  43  6:02  Infested Command Center  
  32  6:41  Infested SCV x2  
  32  6:42  Infested SCV x2  
  32  6:44  Retinal Augmentation  
  40  7:20  Infested Bunker  
  40  7:38  Infested Engineering Bay  
  40  7:42  Infested SCV  
  41  7:51  Infested SCV x3  
  44  8:19  Infestation Level 2  
  44  8:33  Infested Missile Turret  
  48  8:44  Infested SCV x2  
  48  8:45  Infested SCV  
  51  8:55  Unknown  
  51  9:00  Infested Bunker  
  51  9:05  Infested SCV x2  
  53  9:37  Infested SCV x2  
  55  9:48  Infested Bunker  
  59  9:50  Infested SCV  
  59  9:56  Overlord x3  
  60  10:12  Infested Marine  
  60  10:13  Infested Marine x9  
  60  10:18  Overlord x3  
  60  10:19  Broodling Gestation  
  56  10:31  Infested Factory  
  56  10:36  Infested Missile Turret  
  51  11:11  Infested Marine  
  51  11:12  Infested Marine x19  
  50  11:45  Infested SCV x4  
  50  11:46  Infested SCV  
Tags
 
Commander
ArtanisStukov
Matchup
Co-op
Replay Pack
Multiplayer
Add a new tag
Caveats
  • Supply blocks, unpowered buildings, or Contaminate may cause inaccurate times.
  • Supply counts are checked every 10 seconds.